 Dungeon Crawl Stone Soup version 0.25-a0-410-g53dbb631d1 (webtiles) character file.

Game seed: 3320632421442847770, levelgen mode: deterministic

113 Alfie the Shooter (level 5, -11/40 HPs)
             Began as a Human Hunter on Jan 13, 2020.
             Mangled by Duvessa
             ... wielding a +0 short sword
              (14 damage)
             ... on level 4 of the Dungeon.
             The game lasted 00:05:45 (958 turns).

Alfie the Shooter (Human Hunter)                     Turns: 958, Time: 00:05:46

Health: -11/40     AC:  3    Str: 13    XL:     5   Next: 17%
Magic:  5/5        EV: 12    Int: 12    God:
Gold:   65         SH:  0    Dex: 13    Spells: 4/4 levels left

rFire    . . .     SeeInvis .   b - +0 short sword
rCold    . . .     Gourm    .   (no shield)
rNeg     . . .     Faith    .   c - +0 leather armour
rPois    .         Spirit   .   (no helmet)
rElec    .         Reflect  .   (no cloak)
rCorr    .         Harm     .   (no gloves)
MR       .....                  (no boots)
Stlth    +.........             (no amulet)
HPRegen  0.13/turn              (no ring)
MPRegen  0.09/turn              (no ring)

@: no status effects
A: no striking features
a: no special abilities


You were on level 4 of the Dungeon.
You were not hungry.

You visited 1 branch of the dungeon, and saw 3 of its levels.

You collected 65 gold pieces.

Inventory:

Hand Weapons
 a - a +1 shortbow
 b - a +0 short sword (weapon)
Armour
 c - a +0 leather armour (worn)
Scrolls
 h - 3 scrolls of fog
 l - a scroll of remove curse {unknown}
Potions
 e - a potion of brilliance
 g - a potion of agility {unknown}
 i - a potion of curing {unknown}
 j - a potion of might {unknown}
 k - a potion of lignification {unknown}
Comestibles
 f - 3 rations


   Skills:
 + Level 2.9 Fighting
 + Level 0.6 Short Blades
 + Level 5.3 Bows
 + Level 0.6 Armour
 + Level 2.3 Dodging
 + Level 1.0 Stealth


You had 4 spell levels left.
You didn't know any spells.
Your spell library was empty.

Dungeon Overview and Level Annotations

Branches:
Dungeon (2/15)

Altars:

Portals:
Sewer: D:4

Annotations:
D:4 Duvessa


Message History

Duvessa closely misses you.
You barely miss Duvessa.
Duvessa is moderately wounded.
Duvessa hits you with a +0 short sword.
* * * LOW HITPOINT WARNING * * *
You hit Duvessa.
Duvessa is moderately wounded.
Duvessa closely misses you. Duvessa hits you but does no damage.
You closely miss Duvessa.
Duvessa is moderately wounded.
Duvessa hits you but does no damage.
You hit Duvessa.
Duvessa is moderately wounded.
Duvessa barely misses you. Duvessa hits you but does no damage.
You hit Duvessa but do no damage.
Duvessa is moderately wounded.
Duvessa hits you with a +0 short sword.
* * * LOW HITPOINT WARNING * * *
Duvessa hits you with a +0 short sword!
You die...

......#.......... #######
.....#.# ##..... #......
....#.# #.###+ #...... ...#.#
#..... #...... ..#.# #.....
#.....e #.#.####..... +......
#.#..........
#......##########...#####....
#....(.(...e@...........'....
##################..#####....
##>......... #######....
#####


You could see Duvessa (berserk).

Vanquished Creatures
  Dowan (D:4)
  A worker ant (D:4)
  An ooze (D:1)
  A giant cockroach (D:1)
  3 goblins (D:1)
  2 hobgoblins (D:1)
  5 jackals
  6 kobolds
  A quokka (D:2)
  7 bats (D:1)
  4 frilled lizards
  A leopard gecko skeleton (D:4)
  6 rats
39 creatures vanquished.

Notes
Turn   | Place    | Note
-------+----------+-------------------------------------------
     0 | D:1      | Alfie the Human Hunter began the quest for the Orb.
     0 | D:1      | Reached XP level 1. HP: 16/16 MP: 1/1
    84 | D:1      | Reached XP level 2. HP: 22/22 MP: 2/2
   275 | D:1      | Reached XP level 3. HP: 27/27 MP: 3/3
   778 | D:2      | You fall into a shaft and drop 2 floors!
   786 | D:4      | Reached skill level 5 in Bows
   786 | D:4      | Reached XP level 4. HP: 34/34 MP: 4/4
   803 | D:4      | Found a glowing drain.
   919 | D:4      | Noticed Duvessa
   919 | D:4      | Noticed Dowan
   930 | D:4      | Killed Dowan
   930 | D:4      | Reached XP level 5. HP: 40/40 MP: 5/5
   958 | D:4      | Mangled by Duvessa

Levels and vault maps discovered:
D:1:      erik_arrival_triangle_small, layout_basic
D:2:      layout_loops_ring, nrook_loot_triangle, chequers_arboretum
D:4:      layout_basic, gammafunk_temple_overflow_forgotten,
          portal_sewer_entry_c, uniq_duvessa

Skill      XL: |  1  2  3 |
---------------+----------+-----
Bows           | 5 |  5.3
Fighting       | |  2.9
Short Blades   | |  0.6
Armour         | |  0.6
Dodging        | |  2.3
Stealth        | |  1.0

Action                   |  1- 3 |  4- 6 || total
-------------------------+-------+-------++-------
Melee: Short sword       |    14 |    10 ||    24
 Fire: Shortbow          |    69 |    18 ||    87
  Use: Scroll            |     5 |       ||     5
Armor: Leather armour    |    20 |     7 ||    27
Dodge: Dodged            |    41 |    13 ||    54

Table legend:
 A = Non-vault XP
 B = Vault XP
 C = Vault XP percentage of total XP
 D = Non-vault monster count
 E = Vault monster count
 F = Vault count percentage of total count
                 A         B        C        D         E       F
            +---------+---------+-------+---------+---------+-------
      Total |      95 |      67 |  41.4 |      38 |       1 |   2.6
            +---------+---------+-------+---------+---------+-------
        D:1 |      50 |       0 |   0.0 |      29 |       0 |   0.0
        D:2 |       5 |       0 |   0.0 |       3 |       0 |   0.0
        D:4 |      40 |      67 |  62.6 |       6 |       1 |  14.3
            +---------+---------+-------+---------+---------+-------
